 Dungeon Crawl Stone Soup version 0.23.2-1-ga50397a (webtiles) character file.

Game seed: 8295932442595191144

252 Fang the Skirmisher (level 6, -7/39 HPs)
             Began as a Gargoyle Berserker on May 1, 2019.
             Was a Believer of Trog.
             Killed from afar by howech's ghost (13 damage)
             ... with a flame tongue
             ... on level 3 of the Dungeon.
             The game lasted 00:03:01 (2527 turns).

Fang the Skirmisher (Gargoyle Berserker)            Turns: 2527, Time: 00:03:02

Health: -7/39      AC:  6    Str: 22    XL:     6   Next: 13%
Magic:  6/6        EV: 14    Int:  8    God:    Trog [**....]
Gold:   182        SH:  0    Dex:  9    Spells: 5/5 levels left

rFire    . . .     SeeInvis .   a - +0 war axe
rCold    . . .     Gourm    .   (no shield)
rNeg     + . .     Faith    .   b - +0 animal skin
rPois    ∞         Spirit   .   (no helmet)
rElec    +         Reflect  .   (no cloak)
rCorr    .         Harm     .   (no gloves)
MR       ++...                  (no boots)
Stlth    +.........             h - amulet of the acrobat
HPRegen  1.13/turn              n - +2 ring of evasion
MPRegen  0.10/turn              (no ring)

@: berserk cooldown, regenerating, slowed, very slow
A: negative energy resistance 1, electricity resistance, unbreathing,
petrification resistance, rot immunity, AC +4
a: Berserk, Trog's Hand, Renounce Religion


You were on level 3 of the Dungeon.
You worshipped Trog.
Trog was pleased with you.
You were very hungry.

You visited 1 branch of the dungeon, and saw 4 of its levels.
You also visited: Sewer.

You collected 182 gold pieces.

Inventory:

Hand Weapons
 a - a +0 war axe (weapon)
Armour
 b - a +0 animal skin (worn)
Jewellery
 h - an amulet of the acrobat (around neck)
 n - a +2 ring of evasion (left hand)
Scrolls
 e - 2 scrolls of fog {unknown}
 f - 3 scrolls of identify {unknown}
 g - a scroll of enchant armour {unknown}
 i - 3 scrolls of enchant weapon {unknown}
 l - a scroll of blinking {unknown}
 m - a scroll of immolation {unknown}
 r - 2 scrolls of remove curse {unknown}
 s - a scroll of magic mapping {unknown}
 t - a scroll of teleportation {unknown}
 v - a scroll of holy word {unknown}
 x - a scroll of fear {unknown}
Potions
 j - 2 potions of curing {unknown}
 k - a potion of lignification {unknown}
 o - 2 potions of haste {unknown}
 p - a potion of resistance
 q - a potion of heal wounds {unknown}
 u - a potion of magic {unknown}
 w - 2 potions of flight {unknown}
Comestibles
 c - 5 rations


   Skills:
 + Level 4.6 Fighting
 + Level 3.7 Axes
 + Level 3.9 Armour
 + Level 2.9 Dodging


You had 5 spell levels left.
You didn't know any spells.
Your spell library was empty.

Dungeon Overview and Level Annotations

Branches:
Dungeon (4/15)
 Temple: D:4-7

Altars:

Annotations:
D:3 howech's ghost, amateur GnFE


Innate Abilities, Weirdness & Mutations

You are resistant to torment.
Your stone body is resilient. (AC +4)
You are immune to poison.
You resist negative energy. (rN+)
You are resistant to electric shocks. (rElec)
You can survive without breathing.
You are immune to petrification.
You are immune to rotting.


Message History

You are too injured to fight recklessly!
You are too injured to fight recklessly!
You are too injured to fight recklessly!
You are too injured to fight recklessly!
You are too injured to fight recklessly!
You are too injured to fight recklessly!
You are too injured to fight recklessly!
You are too injured to fight recklessly!
You are too injured to fight recklessly!
You are too injured to fight recklessly!
Your skin crawls.
You feel resistant to hostile enchantments.
You feel somewhat more hungry.
Howech's ghost gestures at you while chanting.
The flame tongue hits you!
* * * LOW HITPOINT WARNING * * *
Howech's ghost says, "What do you have that I didn't have?"
Howech's ghost points at you and mumbles some strange words.
The flame tongue hits you!
You die...

#...............##............###
#..........#########.....#.......
#.........##...(.(.#.....###.#...
...........#((.....#.....# #.#...
...........#....(/.#.##### #.#...
...........#..(....#.#######.#...
...........#♣....♣.#.#...........
...........###''W###.#.#####.#...
)...............@....#.#.........
###...............###............
##[.............)###............
#...............................
##.............................##
.......########.........##...####
.##..................#.###...# #
.##...........######.#####...####
.######..............#.......#...


You could see howech's ghost.

Vanquished Creatures
  Purgy (Sewer)
  Crazy Yiuf (D:2)
  Jessica (D:3)
  3 adders
  2 dart slugs (D:1)
  5 leopard geckos
  An orc (D:3)
  5 ball pythons
  6 bats
  5 giant cockroaches
  6 goblins
  6 hobgoblins
  A quokka (D:3)
  9 frilled lizards
  5 kobolds
  A leopard gecko skeleton (D:3)
  A quokka skeleton (D:2)
  13 rats
72 creatures vanquished.

Notes
Turn   | Place    | Note
-------+----------+-------------------------------------------
     0 | D:1      | Fang the Gargoyle Berserker began the quest for the Orb.
     0 | D:1      | Reached XP level 1. HP: 14/14 MP: 1/1
    70 | D:1      | Reached XP level 2. HP: 19/19 MP: 2/2
   817 | D:1      | Reached XP level 3. HP: 21/23 MP: 3/3
  1073 | D:2      | Reached ** piety under Trog
  1269 | D:2      | Found a faded altar of an unknown god.
  1339 | D:2      | Reached XP level 4. HP: 29/29 MP: 4/4
  1457 | D:2      | Found a runed translucent door.
  1458 | D:2      | Noticed Crazy Yiuf
  1468 | D:2      | Killed Crazy Yiuf
  1468 | D:2      | Reached skill level 4 in Fighting
  1897 | D:3      | Noticed Jessica
  1903 | D:3      | Killed Jessica
  1903 | D:3      | Reached XP level 5. HP: 32/33 MP: 5/5
  1908 | D:3      | Found a runed translucent gate.
  1909 | D:3      | Found a runed translucent gate.
  1910 | D:3      | Found a runed translucent gate.
  1911 | D:3      | Noticed howech's ghost (amateur GnFE)
  1998 | D:3      | Found a glowing drain.
  2018 | Sewer    | Entered a sewer
  2043 | Sewer    | Noticed Purgy
  2053 | Sewer    | Killed Purgy
  2053 | Sewer    | Reached XP level 6. HP: 39/39 MP: 6/6
  2527 | D:3      | Killed from afar by howech's ghost

Skill      XL: |  1  2  3  4 |
---------------+-------------+-----
Axes           | 3 |  3.7
Dodging        | 2 |  2.9
Armour         | 3 |  3.9
Fighting       | 4 |  4.6

Action                   |  1- 3 |  4- 6 || total
-------------------------+-------+-------++-------
Melee: Hand axe          |   150 |    34 ||   184
       War axe           |       |    63 ||    63
Invok: Berserk           |       |     3 ||     3
       Trog's Hand       |       |     1 ||     1
 Stab: Sleeping          |     1 |     1 ||     2
  Eat: Chunk             |     2 |     5 ||     7
Armor: Animal skin       |    60 |    32 ||    92
Dodge: Dodged            |    96 |   115 ||   211
